 Dungeon Crawl Stone Soup version 0.27.0-1-g7a089689b8 (webtiles) character file.

Game seed: 6624970154364477818

34 sanka the Bolt Thrower (level 3, 0/27 HPs)
             Began as a Vampire Hunter on Aug 4, 2021.
             Slain by an orc (3 damage)
             ... on level 2 of the Dungeon.
             The game lasted 00:01:46 (473 turns).

sanka the Bolt Thrower (Vampire Hunter)              Turns: 473, Time: 00:01:47

Health: 0/27       AC:  3    Str: 11    XL:     3   Next: 14%
Magic:  3/3        EV: 12    Int: 14    God:
Gold:   25         SH:  0    Dex: 14    Spells: 0/3 levels left

rFire    . . .     SeeInvis +   b - +1 dagger (drain)
rCold    . . .     Faith    .   (no shield)
rNeg     . . .     Spirit   .   c - +0 leather armour
rPois    .         Reflect  .   (no helmet)
rElec    .         Harm     .   (no cloak)
rCorr    .         Rampage  .   (no gloves)
Will     .....                  (no boots)
Stlth    ++........             (no amulet)
HPRegen  0.29/turn              (no ring)
MPRegen  0.08/turn              (no ring)

@: healing quickly
A: alive, fangs 3, see invisible, vampiric 2
a: Exsanguinate


You were on level 2 of the Dungeon.
You visited 1 branch of the dungeon, and saw 2 of its levels.

You collected 25 gold pieces.


Innate Abilities, Weirdness & Mutations

Your natural rate of healing is accelerated.
You have razor-sharp teeth.
You have supernaturally acute eyesight. (SInv)
You are afflicted with vampirism and can become a bat while bloodless.


   Skills:
 - Level 1.7 Fighting
 - Level 3.2 Crossbows
 - Level 2.1 Dodging
 - Level 1.5 Stealth
 - Level 2.3 Unarmed Combat
 + Level 0.5 Spellcasting
 + Level 0.9 Transmutations
 + Level 0.7 Poison Magic


You couldn't memorise any spells.
You knew the following spells:

 Your Spells              Type           Power      Damage    Failure   Level
z - Spider Form           Tmut/Pois      1%         N/A       61%         3

Your spell library contained the following spells:

 Spells                   Type           Power      Damage    Failure   Level
 Ensorcelled Hibernation  Hex/Ice        0%         N/A       50%         2
 Shadow Creatures         Summ           N/A        N/A       100%        6

Inventory:

Hand Weapons
 a - a +1 hand crossbow
 b - a +1 dagger of draining (weapon)
Missiles
 d - 16 bolts
 e - 14 poisoned darts (quivered)
Armour
 c - a +0 leather armour (worn)

Dungeon Overview and Level Annotations

Branches:
Dungeon (2/15)

Altars:

.....▒▒..▒ ....
...........▒▒.[
.............. ..
..▒........▒....
...............
...... ▒▒...▒▒)▒ ▒▒
.▒... ..
▒....▒▒o▒▒▒..▒..
....
...▒....▒▒o.......▒
...
........Vo...▒▒...
..▒ ▒▒▒▒....▒▒▒▒.▒
..▒ ▒▒▒..▒ .▒
..▒▒▒.▒ ▒...▒▒ .
......▒ ▒▒▒.▒▒▒ .▒
▒.▒▒▒▒▒▒▒▒...▒ ▒
.....)).)...▒▒▒▒▒▒
▒...▒▒▒▒▒▒▒......▒
▒........▒▒▒▒▒▒▒...


You could see an orc wizard (drained) and 2 orcs.


Message History

The orc wizard hits you with a +0 dagger.
You hit the orc wizard but do no damage.
Your bite misses the orc wizard.
The orc wizard is moderately wounded.
The orc wizard hits you but does no damage.
You closely miss the orc wizard. Your bite misses the orc wizard.
The orc wizard is moderately wounded.
The orc wizard points at you and mumbles some strange words.
You are confused.
Unknown command.
You bump into the rock wall.
The orc wizard hits you with a +0 dagger.
* * * LOW HITPOINT WARNING * * *
You bump into the rock wall.
The orc wizard barely misses you.
Unknown command.
Unknown command.
You bump into the rock wall.
The orc wizard casts a spell at you. The puff of flame hits you!
* * * LOW HITPOINT WARNING * * *
Unknown command.
Unknown command.
You aren't carrying any potions.
You bump into the rock wall.
You feel less confused.
The orc wizard hits you but does no damage.
The orc hits you with a +0 flail.
You die...

Action                   || total
-------------------------++-------
Melee: Dagger            ||    11
       Bite              ||     1
 Fire: Hand crossbow     ||    45
Armor: Leather armour    ||     5
Dodge: Dodged            ||     7

Levels and vault maps discovered:
D:1:      saegor_arrival_simple_e, layout_rooms, minmay_box_of_dots
D:2:      layout_rooms, basic_altar

Notes
Turn   | Place    | Note
-------+----------+-------------------------------------------
     0 | D:1      | sanka the Vampire Hunter began the quest for the Orb.
     0 | D:1      | Reached XP level 1. HP: 16/16 MP: 1/1
    43 | D:1      | Reached skill level 1 in Unarmed Combat
    71 | D:1      | Reached XP level 2. HP: 22/22 MP: 2/2
    82 | D:1      | Reached skill level 2 in Unarmed Combat
   421 | D:2      | Gained mutation: You are afflicted with vampirism and can
                  | become a bat while bloodless. [Vampire growth]
   421 | D:2      | Reached XP level 3. HP: 27/27 MP: 3/3
   430 | D:2      | Learned a level 3 spell: Spider Form
   473 | D:2      | Slain by an orc

Vanquished Creatures
  2 orcs (D:2)
  3 bats (D:1)
  2 endoplasms (D:1)
  3 giant cockroaches (D:1)
  5 goblins
  2 hobgoblins (D:1)
  2 kobolds (D:1)
  3 quokkas (D:1)
  2 frilled lizards (D:1)
  4 rats (D:1)
28 creatures vanquished.
